 Dungeon Crawl Stone Soup version 0.27-a0-760-gc38aae387d (webtiles) character file.

Game seed: 2106651404192441384

180 robertstho the Firebug (level 5, -2/28 HPs)
             Began as a Deep Elf Fire Elementalist on Mar 23, 2021.
             Killed by nerve-wracking pain
             ... invoked by Menkaure
              (9 damage)
             ... on level 4 of the Dungeon on Mar 24, 2021.
             The game lasted 00:06:25 (3818 turns).

robertstho the Firebug (Deep Elf Fire Elementalist) Turns: 3818, Time: 00:06:26

Health: -2/28      AC:  2    Str:  5    XL:     5   Next: 33%
Magic:  10/13      EV: 12    Int: 27    God:
Gold:   134        SH:  0    Dex: 15    Spells: 12/13 levels left

rFire    . . .     SeeInvis .   i - +3 short sword
rCold    + . .     Faith    .   (no shield)
rNeg     . . .     Spirit   .   a - +0 robe
rPois    .         Reflect  .   (no helmet)
rElec    .         Harm     .   (no cloak)
rCorr    .         Rampage  .   (no gloves)
Will     .....                  (no boots)
Stlth    ++........             (no amulet)
HPRegen  0.09/turn              e - +6 ring of intelligence
MPRegen  0.13/turn              k - ring of protection from cold

@: no status effects
A: no striking features
a: no special abilities


You were on level 4 of the Dungeon.
You visited 1 branch of the dungeon, and saw 4 of its levels.

You collected 134 gold pieces.

Inventory:

Hand Weapons
 c - a +0 dagger
 i - a +3 short sword (weapon)
Armour
 a - a +0 robe (worn)
Jewellery
 d - an amulet of guardian spirit
 e - a +6 ring of intelligence (right hand)
 k - a ring of protection from cold (left hand)
Scrolls
 g - a scroll of enchant armour {unknown}
 h - a scroll of magic mapping {unknown}
 j - a scroll of immolation {unknown}
 p - a scroll of identify
Potions
 b - a potion of flight
 l - a potion of curing
 m - 3 potions of brilliance {unknown}
 n - a potion of haste {unknown}
 o - 2 potions of might {unknown}


   Skills:
 + Level 2.6 Dodging
 + Level 2.6 Stealth
 * Level 4.6 Spellcasting
 * Level 2.9 Conjurations
 * Level 5.0 Fire Magic


You had 12 spell levels left.
You knew the following spells:

 Your Spells              Type           Power      Damage    Failure   Level
a - Foxfire               Conj/Fire      100%       2x1d9     1%          1

Your spell library contained the following spells:

 Spells                   Type           Power      Damage    Failure   Level
 Magic Dart               Conj           88%        1d7       2%          1
 Searing Ray              Conj           44%        3d4       3%          2
 Conjure Flame            Conj/Fire      27%        6-21      4%          3
 Inner Flame              Hex/Fire       19%        N/A       8%          3
 Dazzling Flash           Conj/Hex       28%        N/A       12%         3
 Sticky Flame             Conj/Fire      27%        2d5       14%         4
 Confusing Touch          Hex            6%         N/A       22%         3
 Gell's Gravitas          Tloc           3%         N/A       22%         3
 Fulminant Prism          Conj/Hex       7%         3d7       38%         4
 Iskenderun's Mystic Bla  Conj/Tloc      14%        2d5       38%         4
 Fireball                 Conj/Fire      13%        3d7       38%         5
 Petrify                  Tmut/Erth      6%         N/A       58%         4
 Metabolic Englaciation   Hex/Ice        3%         N/A       91%         5
 Summon Forest            Summ/Tloc      3%         N/A       91%         5
 Summon Mana Viper        Hex/Summ       6%         N/A       91%         5
 Yara's Violent Unravell  Hex/Tmut       3%         3d4       91%         5
 Shadow Creatures         Summ           N/A        N/A       100%        6
 Summon Hydra             Summ           3%         N/A       100%        7


Dungeon Overview and Level Annotations

Branches:
Dungeon (4/15)
 Temple: D:4-7

Altars:
Cheibriados
Okawaru
Trog
Uskayaw

Shops:
D:1 [

Annotations:
D:4 Grinder, Menkaure


Message History

Casting: Foxfire (safe; 1% risk of failure)
Confirm with . or Enter, or press ? or * to list all spells.
You conjure some foxfire!
An adder comes into view.
An iguana comes into view.
Unknown command.
Grinder blinks!
Casting: Foxfire (safe; 1% risk of failure)
Confirm with . or Enter, or press ? or * to list all spells.
You conjure some foxfire!
The foxfire hits the adder.
The adder is lightly wounded.
The foxfire hits Menkaure.
Menkaure is burned terribly!
Menkaure is moderately damaged.
Menkaure gestures at you while chanting.
Pain shoots through your body!
As you read the scroll labelled WAQEL BUKUFO, it crumbles to dust.
You feel strangely unstable.
It was a scroll of teleportation.
The foxfire hits the adder.
The adder is heavily wounded.
The foxfire hits the adder but does no damage.
The adder is heavily wounded.
Grinder blinks!
Casting: Foxfire (safe; 1% risk of failure)
Confirm with . or Enter, or press ? or * to list all spells.
You conjure some foxfire!
Grinder blinks!
The adder bites you.
The foxfire hits the iguana!
The iguana is heavily wounded.
The foxfire hits the adder!
You kill the adder!
Casting: Foxfire (safe; 1% risk of failure)
Confirm with . or Enter, or press ? or * to list all spells.
You conjure some foxfire!
Grinder blinks!
Menkaure calls on the powers of darkness!
The iguana convulses!
Your body is wracked with pain!
The iguana bites you.
* * * LOW HITPOINT WARNING * * *
Your surroundings seem slightly different.
The foxfire hits the iguana but does no damage.
The iguana is severely wounded.
Menkaure gestures at you while chanting.
Pain shoots through your body!
You die...

#########
#..@....#
#.......##
#.......... .#
............ .#
.......M...## .#
..###........#####
.# #
#........§...###.#
#......l§###.....#
####...v....##..##


You could see Menkaure and an iguana.

Vanquished Creatures
  Jessica (D:3)
  A worker ant (D:2)
  5 adders
  A white imp (D:2)
  An adder skeleton (D:4)
  A worm (D:3)
  A dart slug (D:2)
  2 orcs (D:3)
  6 endoplasms
  2 giant cockroaches
  5 goblins
  4 hobgoblins
  8 jackals
  4 quokkas
  7 ball pythons
  6 bats
  A frilled lizard (D:2)
  6 kobolds
  8 rats
70 creatures vanquished.

Vanquished Creatures (collateral kills)
  A foxfire (D:3)
1 creature vanquished.

Vanquished Creatures (others)
  228 foxfires
  10 plants (D:3)
238 creatures vanquished.

Grand Total: 309 creatures vanquished

Notes
Turn   | Place    | Note
-------+----------+-------------------------------------------
     0 | D:1      | robertstho the Deep Elf Fire Elementalist began the quest
                  | for the Orb.
     0 | D:1      | Reached XP level 1. HP: 10/10 MP: 6/6
   226 | D:1      | Found Beneuged's Antique Armour Shoppe.
   429 | D:1      | Reached XP level 2. HP: 15/15 MP: 5/8
   885 | D:2      | Upgraded the game from 0.27-a0-732-ga892ba84f6 to
                  | 0.27-a0-760-gc38aae387d
   888 | D:2      | Reached skill level 4 in Fire Magic
  1154 | D:2      | Found an iron altar of Okawaru.
  1348 | D:2      | Reached XP level 3. HP: 10/19 MP: 4/9
  1644 | D:2      | Reached XP level 4. HP: 24/24 MP: 7/11
  1696 | D:2      | Found a hide-covered altar of Uskayaw.
  2285 | D:2      | Found a snail-covered altar of Cheibriados.
  2478 | D:3      | Noticed Jessica
  2487 | D:3      | Killed Jessica
  2881 | D:3      | Reached skill level 5 in Fire Magic
  2881 | D:3      | Reached XP level 5. HP: 28/28 MP: 10/13
  2978 | D:3      | Found a bloodstained altar of Trog.
  3810 | D:4      | Noticed Grinder
  3810 | D:4      | Noticed Menkaure
  3818 | D:4      | Killed from afar by Menkaure

Illustrated notes

Levels and vault maps discovered:
D:1:      mrwooster_arrival_statue_3, layout_basic, serial_shops,
          nicolae_shop_statue_plus
D:2:      layout_basic, okawaru_gym_becter, lemuel_round_altar,
          old_standard_altar, hangedman_decor_riveting, st_stairs_5,
          grunt_ministairs_9
D:3:      layout_basic, overflow_temple_1_default, serial_bayou_lagoon_a,
          minmay_misc_feat_room, uniq_jessica
D:4:      layout_rooms, supply_closet_lemuel, grunt_decor_resistance,
          minivault_4, uniq_menkaure, uniq_grinder, uniq_robin

Skill      XL: |  1  2  3  4 |
---------------+-------------+-----
Fire Magic     | 4 5 |  5.0
Conjurations   | 2 |  2.9
Spellcasting   | 4 |  4.6
Dodging        | |  2.6
Stealth        | |  2.6

Action                   |  1- 3 |  4- 6 || total
-------------------------+-------+-------++-------
Melee: Dagger            |     5 |       ||     5
       Short sword       |     5 |       ||     5
 Cast: Foxfire           |    59 |    84 ||   143
  Use: Scroll            |     1 |     2 ||     3
       Potion            |     1 |       ||     1
Armor: Robe              |     6 |     5 ||    11
Dodge: Dodged            |    27 |    15 ||    42

Table legend: (Time is in decaauts)
 A = Elapsed time spent in this place.
 B = Non-inter-level travel time spent in this place.
 C = Inter-level travel time spent in this place.
 D = Time resting spent in this place.
 E = Time spent auto-exploring this place.
 F = Levels seen in this place.
 G = Mean time per level.
                   A        B        C        D        E       F      G
               +--------+--------+--------+--------+--------+-----+--------+
         Total |   3825 |   3762 |     63 |    250 |   3041 |   4 |  956.2 |
       Dungeon |   3825 |   3762 |     63 |    250 |   3041 |   4 |  956.2 |
               +--------+--------+--------+--------+--------+-----+--------+

Top non-repeatable levels by time:
     D:3: 1329 daAuts
     D:2: 1305 daAuts
     D:1: 1067 daAuts
     D:4: 122 daAuts
